 Dungeon Crawl Stone Soup version 0.31-a0-214-gb37851dbb3 (webtiles) character file.

Game seed: 4160890643163618815

200 qw the Shooter (level 5, -5/45 HPs)
             Began as a Minotaur Hexslinger on July 1, 2023.
             Slain by an orc warrior
             ... wielding a +0 mace
              (13 damage)
             ... on level 4 of the Dungeon.
             The game lasted 00:00:57 (2737 turns).

qw the Shooter (Minotaur Hexslinger)                Turns: 2737, Time: 00:00:57

Health: -5/45      AC:  9    Str: 13    XL:     5   Next: 49%
Magic:  5/5        EV: 11    Int: 10    God:
Gold:   172        SH:  0    Dex: 14    Spells: 5/6 levels left

rFire   . . .        Y - +1 sling
rCold   . . .        (no shield)
rNeg    . . .        g - +0 ring mail
rPois   .            (helmet restricted)
rElec   .            a - +0 cloak
rCorr   .            e - +2 pair of gloves {hurl}
SInv    .            (no boots)
Will    .....        (no amulet)
Stlth   +            (no ring)
HPRegen 0.27/turn    (no ring)
MPRegen 0.09/turn

%: no passive effects
@: about to teleport
A: horns 2, retaliatory headbutt
a: no special abilities


You were on level 4 of the Dungeon.
You visited 1 branch of the dungeon, and saw 4 of its levels.

You collected 172 gold pieces.


Innate Abilities, Weirdness & Mutations

You have a pair of horns on your head.
You reflexively headbutt those who attack you in melee.


   Skills:
 - Level 3.1 Fighting
 + Level 5.4 Ranged Weapons
 - Level 1.6 Armour
 - Level 2.1 Dodging
 - Level 1.0 Spellcasting
 - Level 2.0 Hexes


You had 5 spell levels left.
You knew the following spells:

 Your Spells              Type           Power      Damage    Failure   Level
a - Slow                  Hex            16%        N/A       32%         1

Your spell library contained the following spells:

 Spells                   Type           Power      Damage    Failure   Level
 Inner Flame              Hex/Fire       2%         N/A       82%         3
 Portal Projectile        Hex/Tloc       4%         N/A       82%         3
 Cause Fear               Hex            2%         N/A       97%         4

Inventory:

Hand Weapons
 Y - a +1 sling (weapon)
Armour
 a - a +0 cloak (worn)
 e - a +2 pair of gloves of hurling (worn)
 g - a +0 ring mail (worn)
Scrolls
 f - a scroll of blinking {unknown}
 m - a scroll of fear {unknown}
Potions
 b - a potion of attraction {unknown}
 c - a potion of haste {unknown}
 d - a potion of cancellation {unknown}
 h - a potion of experience {unknown}
 j - a potion of invisibility {unknown}
 k - a potion of curing
 l - a potion of heal wounds {unknown}
 n - a potion of enlightenment {unknown}

Dungeon Overview and Level Annotations

Branches:
Dungeon (4/15)
 Temple: D:4-7

Altars:
Cheibriados
Yredelemnul


Message History

You shoot a sling bullet.
The sling bullet hits the orc warrior but does no damage.
The orc priest looks encouraged for a moment.
You shoot a sling bullet.
The sling bullet hits the orc warrior but does no damage.
The orc warrior barely misses you. You furiously retaliate!
You headbutt the orc warrior.
An orc wizard comes into view. It is wielding a +0 dagger.
The orc priest calls upon Beogh to heal the orc warrior.
The orc warrior's wounds heal themselves!
You shoot a sling bullet.
The sling bullet hits the orc warrior but does no damage.
The orc warrior hits you with a +0 mace!
You shoot a sling bullet.
The sling bullet barely misses the orc warrior.
The orc priest hits you with a +0 hand axe.
The orc warrior hits you with a +0 mace.
You shoot a sling bullet.
The sling bullet hits the orc warrior but does no damage.
The orc warrior barely misses you.
The orc priest hits you with a +0 hand axe.
The orc warrior hits you with a +0 mace!
The orc priest hits you but does no damage.
You shoot a sling bullet.
The sling bullet barely misses the orc warrior.
The orc priest hits you with a +0 hand axe.
The orc warrior barely misses you.
You shoot a sling bullet.
The sling bullet closely misses the orc warrior.
The orc warrior hits you with a +0 mace!
The orc priest hits you but does no damage.
2737 ||| READING scroll of teleportation.
As you read the scroll of teleportation, it crumbles to dust.
You feel strangely unstable.
The orc wizard casts a spell.
The orc wizard flickers and vanishes!
Deactivating autopickup; reactivate with Ctrl-A.
The orc priest hits you with a +0 hand axe.
The orc warrior hits you with a +0 mace!
You die...

#.# #.#
##### #.#
....#
#.#####
....#
#.....#
....#
#####.#
....#
#.##.#
....#
#....#
....#
#@####
#####
#..(.{oo#
#.##.####
#


You could see an orc warrior and an orc priest.

Vanquished Creatures
  An iguana (D:4)
  4 gnolls
  7 adders
  2 dart slugs (D:2)
  A worm (D:3)
  2 orcs
  12 ball pythons
  6 endoplasms
  3 giant cockroaches
  2 goblins
  8 hobgoblins
  3 jackals (D:1)
  4 kobolds
  3 quokkas
  3 bats
  A frilled lizard (D:3)
  3 rats
65 creatures vanquished.

Notes
Turn   | Place    | Note
-------+----------+-------------------------------------------
     0 | D:1      | qw the Minotaur Hexslinger began the quest for the Orb.
     0 | D:1      | Reached XP level 1. HP: 16/16 MP: 1/1
     0 | D:1      | 0 ||| qw: Version: 0.3-a-32-g5962c71
     0 | D:1      | 0 ||| qw: Game counter: 7511
     0 | D:1      | 0 ||| qw: Melee chars always use a shield: true
     0 | D:1      | 0 ||| qw: God list: Okawaru
     0 | D:1      | 0 ||| qw: Allow faded altars: false
     0 | D:1      | 0 ||| qw: Do Orc after clearing Dungeon:15 true
     0 | D:1      | 0 ||| qw: Do second Lair branch before Depths: true
     0 | D:1      | 0 ||| qw: Lair rune preference: random
     0 | D:1      | 0 ||| qw: Goals: Normal
     0 | D:1      | 0 ||| PLANNING D:1-11
   123 | D:1      | Reached skill level 3 in Ranged Weapons
   123 | D:1      | Reached XP level 2. HP: 20/23 MP: 2/2
   333 | D:1      | Reached XP level 3. HP: 29/29 MP: 3/3
   765 | D:1      | 765 ||| UPGRADING to +2 pair of gloves of hurling.
   770 | D:1      | 770 ||| UPGRADING to +0 leather armour.
   780 | D:1      | 780 ||| DROPPING +0 robe.
   781 | D:1      | 781 ||| UPGRADING to +0 ring mail.
   791 | D:1      | 791 ||| DROPPING +0 leather armour.
   792 | D:1      | 792 ||| READING scroll labelled MOUPHU FADOR.
   793 | D:1      | 793 ||| DROPPING scroll of poison.
   861 | D:2      | Reached skill level 4 in Ranged Weapons
  1089 | D:2      | Reached skill level 1 in Armour
  1312 | D:2      | Reached XP level 4. HP: 29/36 MP: 4/4
  1824 | D:2      | 1824 ||| UPGRADING to +0 cloak.
  2073 | D:3      | Reached skill level 5 in Ranged Weapons
  2245 | D:3      | Found a snail-covered altar of Cheibriados.
  2261 | D:3      | Reached XP level 5. HP: 40/42 MP: 5/5
  2331 | D:3      | Found a basalt altar of Yredelemnul.
  2355 | D:3      | 2355 ||| READING scroll labelled OHEEP EDYSON.
  2356 | D:3      | 2356 ||| READING scroll labelled REBRUI DOSHO.
  2361 | D:3      | 2361 ||| DRINKING 2 fuming ruby potions.
  2413 | D:4      | Reached skill level 3 in Fighting
  2413 | D:4      | 2413 ||| FLEEEEING.
  2414 | D:4      | 2414 ||| FLEEEEING.
  2415 | D:4      | 2415 ||| STAIRDANCE
  2728 | D:4      | Noticed an orc warrior
  2736 | D:4      | HP: 9/45 [orc warrior/+0 mace (7)]
  2737 | D:4      | 2737 ||| READING scroll of teleportation.
  2737 | D:4      | Slain by an orc warrior

Levels and vault maps discovered:
D:1:      dpeg_arrival_round_b, layout_basic
D:2:      layout_loops_corners, dreamdust_princess_bridge,
          dreamdust_princess_corridor
D:3:      layout_rooms, cheibriados_altar_1, lemuel_tele_altar
D:4:      layout_basic

Skill      XL: |  1  2  3  4  5 |
---------------+----------------+-----
Ranged Weapons | 3 4 5 |  5.4
Fighting       | 2 3 |  3.1
Armour         | 1 |  1.6
Dodging        | |  2.1
Spellcasting   | |  1.0
Hexes          | |  2.0

Action                     |  1- 3 |  4- 6 || total
---------------------------+-------+-------++-------
   Fire: Sling             |   104 |   111 ||   215
    Use: Scroll            |     1 |     3 ||     4
         Potion            |       |     1 ||     1
 Armour: Robe              |     3 |       ||     3
         Ring mail         |     9 |    16 ||    25
  Dodge: Dodged            |    28 |    43 ||    71

Table legend:
 A = Non-vault XP
 B = Vault XP
 C = Vault XP percentage of total XP
 D = Non-vault monster count
 E = Vault monster count
 F = Vault count percentage of total count
                 A         B        C        D         E       F
            +---------+---------+-------+---------+---------+-------
      Total |     287 |       0 |   0.0 |      65 |       0 |   0.0
            +---------+---------+-------+---------+---------+-------
        D:1 |      57 |       0 |   0.0 |      23 |       0 |   0.0
        D:2 |      71 |       0 |   0.0 |      19 |       0 |   0.0
        D:3 |      70 |       0 |   0.0 |      14 |       0 |   0.0
        D:4 |      89 |       0 |   0.0 |       9 |       0 |   0.0
            +---------+---------+-------+---------+---------+-------
